 Dungeon Crawl Stone Soup version 0.30-a0-170-g85af917532 (webtiles) character file.

Game seed: 3429450083249932813

16 Sobieck the Cutter (level 2, 14/17 HPs)
             Began as a Kobold Gladiator on Sept 30, 2022.
             Got out of the dungeon alive.
             The game lasted 00:00:36 (370 turns).

Sobieck the Cutter (Kobold Gladiator)                Turns: 370, Time: 00:00:36

Health: 14/17      AC:  5    Str: 11    XL:     2   Next: 70%
Magic:  2/2        EV: 15    Int:  9    God:
Gold:   37         SH:  0    Dex: 16    Spells: 1/1 levels left

rFire   . . .      SeeInvis .    a - +0 rapier {short}
rCold   . . .      Faith    .    (no shield)
rNeg    . . .      Spirit   .    b - +0 leather armour
rPois   .          Reflect  .    c - +0 helmet
rElec   .          Harm     .    h - +0 cloak
rCorr   .          Rampage  .    (no gloves)
Will    .....                    (no boots)
Stlth   +++.......               (no amulet)
HPRegen 0.05/turn                (no ring)
MPRegen 0.08/turn                (no ring)

@: no status effects
A: small, no large weapons, nightstalker 3
a: no special abilities


You escaped.
You visited 1 branch of the dungeon, and saw 1 of its levels.

You collected 37 gold pieces.


Innate Abilities, Weirdness & Mutations

You are small and have problems with some larger weapons.
You are completely attuned to the shadows.


   Skills:
 - Level 2.1 Fighting
 - Level 4.0 Short Blades
 - Level 2.1 Throwing
 - Level 3.6 Dodging
 + Level 3.2 Stealth


You had one spell level left.
You didn't know any spells.
Your spell library contained the following spells:

 Spells                   Type           Power      Damage    Failure   Level
 Cigotuvi's Dreadful Rot  Necr/Pois/Air  0%         N/A       63%         2
 Poisonous Vapours        Pois/Air       0%         N/A       63%         2
 Stone Arrow              Conj/Erth      0%         3d7       85%         3
 Animate Armour           Summ/Erth      0%         N/A       99%         4
 Lehudib's Crystal Spear  Conj/Erth      0%         10d2      100%        8

Inventory:

Hand Weapons
 a - a +0 rapier (weapon) {short}
Missiles
 d - 3 throwing nets (quivered) {=f!fthrowing}
 e - 2 boomerangs {throwing}
Armour
 b - a +0 leather armour (worn)
 c - a +0 helmet (worn)
 g - a +0 scale mail
   (You found it on level 1 of the Dungeon)
 h - a +0 cloak (worn)
   (You found it on level 1 of the Dungeon)
Scrolls
 f - a scroll of teleportation {unknown}

Dungeon Overview and Level Annotations

Branches:
Dungeon (1/15) Zot: 5630

Altars:

~~....♣#
≈~....♣#
~.....P#
.......#
~~....P#
~.....♣######
~......♣P.P.♣
~~..........♣♣♣♣
~....P.♣.....♣@♣
~~.)..........P♣
≈≈~............♣
≈≈~~...........♣
≈≈≈≈≈~~..≈~..♣♣♣
≈≈≈≈~≈≈≈~~≈≈~~
≈≈≈≈≈≈≈≈≈


There were no monsters in sight!


Message History

You have reached level 2!
A ball python is nearby!
Unknown command.
You see here a +0 club {mace}.
The ball python closely misses you. The ball python misses you.
The ball python bites you. The ball python barely misses you.
You closely miss the ball python. The ball python misses you.
The ball python barely misses you.
You barely miss the ball python. The ball python closely misses you. x2
You hit the ball python.
The ball python bites you but does no damage.
The ball python grabs you. The ball python constricts you.
You barely miss the ball python. The ball python closely misses you.
The ball python constricts you.
You puncture the ball python!
You kill the ball python!
No target in view!
No target in view!
You now have 37 gold pieces (gained 11).
A jackal comes into view.
Danger!
A dart slug comes into view. 2 jackals come into view.
The jackal barks! x2
A jackal comes into view.
The jackal closely misses you. The jackal misses you.
The jackal barks!
You barely miss the jackal. You hit the jackal.
The jackal completely misses you. The jackal barely misses you.
The jackal bites you but does no damage.
You hit the jackal. The jackal barely misses you. The jackal bites you.
The jackal barely misses you.
The dart slug bites you but does no damage.
The jackal misses you. The jackal closely misses you.
The jackal barely misses you.
The jackal bites you but does no damage.
You closely miss the jackal. The jackal misses you.
The jackal completely misses you. The jackal barely misses you.
The jackal misses you. The dart slug misses you.
You barely miss the jackal. The jackal closely misses you.
The jackal misses you. The jackal completely misses you. The jackal misses you.
The dart slug launches a dart at you.
The slug dart hits you but does no damage.
The jackal barely misses you. x2; The jackal completely misses you.
The jackal barely misses you.
You miss the jackal. The jackal barely misses you. x4
Unknown command.
The jackal attacks as you move away!
The jackal bites you but does no damage. x2
The jackal attacks as you move away! The jackal bites you.
The jackal closely misses you. The jackal barely misses you.
Unknown command.
You hit the jackal but do no damage. The jackal barely misses you.
You hit the jackal.
You kill the jackal!
You closely miss the jackal. The jackal misses you.
Unknown command.
You hit the jackal.
You kill the jackal!
The jackal bites you but does no damage.
You hit the jackal.
You kill the jackal!
Unknown command.
You hit the jackal. The jackal barely misses you.
The jackal bites you but does no damage.
You hit the jackal.
You kill the jackal!
Your Stealth skill increases to level 3!
The dart slug bites you but does no damage.
Things that are here:
a jackal corpse; a jackal corpse Unknown command.
You hit the dart slug. The dart slug launches a dart at you.
The slug dart hits you.
You hit the dart slug. You hit the dart slug but do no damage.
The dart slug launches a dart at you. The slug dart hits you.
You puncture the dart slug!
You kill the dart slug!
Unknown command.
You pick up a book of Vapours and begin reading...
You add the spells Poisonous Vapours and Cigotuvi's Dreadful Rot to your library.
Unknown command.
(D) Dungeon
Where to? (? - help)
Okay, then.
Things that are here:
a jackal corpse; a jackal corpse You see here a +0 club {mace}.
There is a stone staircase leading down here.
There is an open door here.
There is an open door here.
There is an open gate here.
There is a staircase leading out of the dungeon here.
Are you sure you want to leave the Dungeon?
This will make you lose the game!
You have escaped!

Skill      XL: |  1  2 |
---------------+-------+-----
Stealth        | 2 3 |  3.2
Fighting       | |  2.1
Short Blades   | |  4.0
Throwing       | |  2.1
Dodging        | |  3.6

Action                   || total
-------------------------++-------
Melee: Rapier            ||    33
 Stab: Sleeping          ||     2
Armor: Leather armour    ||    10
Dodge: Dodged            ||    43

Levels and vault maps discovered:
D:1:      kennysheep_arrival_seaside, layout_basic,
          hellmonk_ecumenical_altar_dog_temple

Notes
Turn   | Place    | Note
-------+----------+-------------------------------------------
     0 | D:1      | Sobieck the Kobold Gladiator began the quest for the Orb.
     0 | D:1      | Reached XP level 1. HP: 12/12 MP: 1/1
    33 | D:1      | You pick up a book of Armaments and begin reading...
    33 | D:1      | You add the spells Stone Arrow, Animate Armour and
                  | Lehudib's Crystal Spear to your library.
    62 | D:1      | Reached skill level 1 in Stealth
   136 | D:1      | Reached skill level 2 in Stealth
   164 | D:1      | Reached XP level 2. HP: 16/17 MP: 2/2
   262 | D:1      | Reached skill level 3 in Stealth
   270 | D:1      | You pick up a book of Vapours and begin reading...
   270 | D:1      | You add the spells Poisonous Vapours and Cigotuvi's
                  | Dreadful Rot to your library.
   370 | D:$      | Got out of the dungeon alive.

Vanquished Creatures
  A dart slug (D:1)
  An endoplasm (D:1)
  A goblin (D:1)
  A hobgoblin (D:1)
  4 jackals (D:1)
  A kobold (D:1)
  A ball python (D:1)
  2 rats (D:1)
12 creatures vanquished.

Table legend:
 A = Non-vault XP
 B = Vault XP
 C = Vault XP percentage of total XP
 D = Non-vault monster count
 E = Vault monster count
 F = Vault count percentage of total count
                 A         B        C        D         E       F
            +---------+---------+-------+---------+---------+-------
      Total |      23 |       0 |   0.0 |      12 |       0 |   0.0
            +---------+---------+-------+---------+---------+-------
        D:1 |      23 |       0 |   0.0 |      12 |       0 |   0.0
            +---------+---------+-------+---------+---------+-------

Illustrated notes

Table legend:
 A = Kills in this place as a percentage of kills in entire the game.
 B = Kills by you in this place as a percentage of kills by you in the entire game.
 C = Kills by friends in this place as a percentage of kills by friends in the entire game.
 D = Other kills in this place as a percentage of other kills in the entire game.
 E = Experience gained in this place as a percentage of experience gained in the entire game.
 F = Experience gained in this place divided by the number of levels of this place that you have seen.
                   A       B       C       D       E      F
               +-------+-------+-------+-------+-------+----------------------
         Total | 100.0 | 100.0 |   N/A |   N/A | 100.0 |  23.0
       Dungeon | 100.0 | 100.0 |   N/A |   N/A | 100.0 |  23.0
               +-------+-------+-------+-------+-------+----------------------

Table legend: (Time is in decaauts)
 A = Elapsed time spent in this place.
 B = Non-inter-level travel time spent in this place.
 C = Inter-level travel time spent in this place.
 D = Time resting spent in this place.
 E = Time spent auto-exploring this place.
 F = Levels seen in this place.
 G = Mean time per level.
                   A        B        C        D        E       F      G
               +--------+--------+--------+--------+--------+-----+--------+
         Total |    370 |    272 |     98 |      0 |    201 |   1 |  370.0 |
       Dungeon |    370 |    272 |     98 |      0 |    201 |   1 |  370.0 |
               +--------+--------+--------+--------+--------+-----+--------+

Top non-repeatable levels by time:
     D:1: 370 daAuts
